 Dungeon Crawl Stone Soup version 0.31-a0-543-geaa9c7a2c0 (webtiles) character file.

Game seed: 1101172126878045705

3500 GordonOverkill the Fighter (level 10, -11/50 HPs)
             Began as a Vine Stalker Delver on Aug 15, 2023.
             Was a High Priest of Hepliaklqana.
             Mangled by a boulder beetle (16 damage)
             ... on level 9 of the Dungeon.
             The game lasted 00:13:50 (7000 turns).

GordonOverkill the Fighter (Vine Stalker Delver)    Turns: 7000, Time: 00:13:50

Health: -11/50     AC: 14    Str: 21    XL:     10   Next: 7%
Magic:  0/14       EV: 10    Int: 10    God:    Hepliaklqana [*****.]
Gold:   251        SH:  0    Dex: 17    Spells: 9/9 levels left

rFire   . . .        i - +0 falchion (elec)
rCold   + . .        (no shield)
rNeg    + . .        w - +3 scale mail of Undesirable Species {Contam Fly rC+ Stlth+}
rPois   .            s - +0 helmet
rElec   .            t - +0 cloak
rCorr   .            C - +0 pair of gloves {Str+3}
SInv    +            (no boots)
Will    .....        e - amulet of magic regeneration
Stlth   +++          q - ring of see invisible
HPRegen 1.08/turn    B - ring of positive energy
MPRegen 0.54/turn

%: guardian spirit
@: weak-willed, flying
A: reduced essence, fangs 3, regeneration 1, magic shield, antimagic bite, no
potion heal 2
a: Renounce Religion, Ancestor Life: Knight, Ancestor Life: Battlemage, Ancestor
Life: Hexer, Recall Ancestor, Ancestor Identity, Transference, Idealise


You were on level 9 of the Dungeon.
You worshipped Hepliaklqana.
Hepliaklqana was extremely pleased with you.
You visited 1 branch of the dungeon, and saw 9 of its levels.

You collected 389 gold pieces.
You spent 138 gold pieces at shops.

Inventory:

Hand Weapons
 a - a +0 short sword
 i - a +0 falchion of electrocution (weapon)
 M - a +0 scimitar
Missiles
 z - 6 boomerangs (quivered)
 F - a throwing net
Armour
 s - a +0 helmet (worn)
 t - a +0 cloak (worn)
 w - the +3 scale mail of Undesirable Species (worn) {Contam Fly rC+ Stlth+}
   (You found it on level 3 of the Dungeon)

   rC+:       It protects you from cold.
   Fly:       It grants you flight.
   Contam:    It causes magical contamination when unequipped.
   Stlth+:    It makes you more stealthy.
 C - a +0 pair of gloves of strength (worn)
Jewellery
 e - an amulet of magic regeneration (around neck)
 q - a ring of see invisible (left hand)
 A - an amulet of faith
 B - a ring of positive energy (right hand)
 J - a ring of flight
 K - a ring of positive energy
Wands
 g - a wand of digging (3)
 D - a wand of flame (27)
Scrolls
 c - 3 scrolls of fog
 d - 2 scrolls of revelation
 f - a scroll of fear
 h - a scroll of poison
 n - 2 scrolls of silence
 o - 6 scrolls of teleportation
 u - a scroll of amnesia
 x - a scroll of vulnerability
 y - a scroll of enchant armour {unknown}
 G - a scroll of enchant weapon {unknown}
 I - a scroll of brand weapon {unknown}
 L - a scroll of immolation {unknown}
Potions
 b - a potion of mutation
 l - 3 potions of lignification
 m - 2 potions of curing
 p - a potion of cancellation
 r - 4 potions of enlightenment {unknown}
 v - 2 potions of berserk rage
 E - 2 potions of might {unknown}
 H - a potion of ambrosia


   Skills:
 + Level 8.2 Fighting
 - Level 3.0(5.2) Short Blades
 - Level 6.6(7.0) Long Blades
 - Level 5.0 Armour
 - Level 1.5 Dodging
 - Level 6.0 Stealth
 - Level 5.0 Invocations


You had 9 spell levels left.
You didn't know any spells.
Your spell library contained the following spells:

 Spells                   Type           Power      Damage    Failure   Level
 Kiss of Death            Conj/Necr      0%         2d5       69%         1
 Sandblast                Erth           0%         2d4       69%         1
 Shock                    Conj/Air       0%         1d3       69%         1
 Cigotuvi's Dreadful Rot  Necr/Pois/Air  0%         N/A       83%         2
 Passwall                 Tmut/Erth      0%         N/A       83%         2
 Confusing Touch          Hex            0%         N/A       96%         3
 Inner Flame              Hex/Fire       0%         N/A       96%         3
 Stone Arrow              Conj/Erth      0%         3d7       96%         3
 Swiftness                Air            0%         N/A       96%         3
 Airstrike                Air            0%         2d(0-16)  100%        4
 Dispel Undead            Necr           0%         3d6       100%        4
 Flame Wave               Conj/Fire      0%         2d4       100%        4
 Sticky Flame             Conj/Fire      0%         2d3       100%        4
 Death Channel            Necr           0%         N/A       100%        6


Dungeon Overview and Level Annotations

Branches:
Dungeon (9/15)             Temple (0/1) D:7
   Lair: D:8-11         Orc: D:9-12

Altars:
Ashenzari
Cheibriados
Dithmenos
Fedhas
Gozag
Hepliaklqana
Makhleb
Okawaru
Qazlal
Sif Muna
Uskayaw
Vehumet
Zin

Shops:
D:2 =   D:4 [(

Annotations:
D:5 2 transporters, GordonOverkill's ghost, weakling VSDe


Innate Abilities, Weirdness & Mutations

Your life essence is reduced to manifest your ancestor. (-10% HP)
You have razor-sharp teeth.
Your natural rate of healing is unusually fast.
When hurt, damage is shared between your health and your magic reserves.
Your bite disrupts and absorbs the magic of your enemies.
Potions cannot restore your health.


Message History

You hit the gargoyle but do no damage.
The gargoyle is severely damaged.
The gargoyle hurls a stone arrow at you.
The stone arrow misses you.
Kleine Eule closely misses the gargoyle.
You hit the gargoyle but do no damage. You bite the gargoyle!
You drain its power.
You feel invigorated.
The gargoyle is almost destroyed.
The gargoyle hurls a stone arrow at you.
The stone arrow hits you!
* * * LOW HITPOINT WARNING * * *
Kleine Eule hits the gargoyle but does no damage.
You hit the gargoyle but do no damage.
The gargoyle is almost destroyed.
The gargoyle hurls a stone arrow at you.
The stone arrow misses you.
Kleine Eule hits the gargoyle but does no damage.
The boulder beetle curls into a ball and begins rolling!
You closely miss the gargoyle.
You bite the gargoyle, but do no damage.
The gargoyle is almost destroyed.
The gargoyle hits you with a +0 mace!
* * * LOW HITPOINT WARNING * * *
Kleine Eule hits the gargoyle but does no damage.
You hit the gargoyle but do no damage.
You bite the gargoyle, but do no damage.
The gargoyle is almost destroyed.
The gargoyle hurls a stone arrow at you.
The stone arrow hits you!
* * * LOW HITPOINT WARNING * * *
Kleine Eule hits the gargoyle but does no damage.
You barely miss the gargoyle. Your bite misses the gargoyle.
The gargoyle is almost destroyed.
Kleine Eule hits the gargoyle but does no damage.
The gargoyle hits you with a +0 mace!
* * * LOW HITPOINT WARNING * * *
As you read the scroll of fear, it crumbles to dust.
You assume a fearsome visage.
The boulder beetle easily resists.
The gargoyle is unaffected.
The boulder beetle hits you!
You die...

#..# #..# #.# #..# #.#
#..# #.# . #######..#
#.# .. ......<).#
#.####... .........#
#/....... .........#
#.B......
#######..#######@9°°....
#.........R####...
#..........#
#..#######.# #..# #.#
#..# #.# #.<# #.# #..#
#.# #..# #.#


You could see the friendly Kleine Eule the ancestor (weak-willed), a boulder
beetle (rolling) and a gargoyle (ally target).

Vanquished Creatures
  A two-headed ogre (D:9)
  A wyvern (D:9)
  2 steam dragons
  3 water moccasins
  A black bear (D:8)
  A sky beast (D:6)
  An ogre (D:7)
  A centaur (D:8)
  2 phantoms
  4 bullfrogs
  2 scorpions
  2 wights (D:8)
  4 hounds
  5 jellies
  A gnoll bouda (D:7)
  An orc priest (D:4)
  4 iguanas
  A sleepcap (D:7)
  4 orc wizards
  Robin (D:2)
  6 adders
  3 gnolls (D:7)
  A shadow imp (D:5)
  2 white imps (D:7)
  2 ufetubi
  3 worms (D:3)
  2 dart slugs (D:3)
  16 orcs
  A ball python (D:2)
  5 bats
  5 endoplasms
  4 giant cockroaches
  10 goblins
  3 hobgoblins
  3 jackals (D:4)
  4 quokkas
  8 frilled lizards
  4 kobolds
  9 rats
133 creatures vanquished.

Vanquished Creatures (collateral kills)
  2 ogres
  2 black bears
  A wight (D:8)
  A hound (D:4)
  A gnoll (D:7)
  An adder (D:5)
  2 ufetubi (D:4)
  3 orcs
  A bat (D:3)
  A hobgoblin (D:2)
  A jackal (D:4)
  2 goblins
18 creatures vanquished.

Grand Total: 151 creatures vanquished

Notes
Turn   | Place    | Note
-------+----------+-------------------------------------------
     0 | D:5      | GordonOverkill the Vine Stalker Delver began the quest for
                  | the Orb.
     0 | D:5      | Reached XP level 1. HP: 11/11 MP: 2/2
     7 | D:5      | Noticed a hound
    20 | D:5      | Killed a hound
    21 | D:5      | Reached skill level 3 in Fighting
    21 | D:5      | Reached XP level 2. HP: 16/16 MP: 3/3
    21 | D:5      | Reached XP level 3. HP: 20/20 MP: 4/4
    48 | D:8      | Noticed a water moccasin
   294 | D:5      | Reached skill level 1 in Long Blades
   294 | D:5      | Gained mutation: Your natural rate of healing is unusually
                  | fast. [Vine Stalker growth]
   294 | D:5      | Reached XP level 4. HP: 23/24 MP: 3/5
   428 | D:4      | Noticed an ogre
   463 | D:4      | Reached XP level 5. HP: 23/28 MP: 6/6
   583 | D:4      | Found an iron altar of Okawaru.
   583 | D:4      | Found a hazy altar of Hepliaklqana.
   588 | D:4      | Found a broken altar of Ashenzari.
   591 | D:4      | Became a worshipper of Hepliaklqana the Forgotten
   598 | D:4      | Reached skill level 1 in Invocations
   636 | D:4      | Found a stormy altar of Qazlal.
   637 | D:4      | Found a burning altar of Makhleb.
   782 | D:3      | Found a snail-covered altar of Cheibriados.
  1097 | D:1      | Reached * piety under Hepliaklqana
  1214 | D:1      | Reached XP level 6. HP: 28/28 MP: 8/8
  1837 | D:2      | Found a faded altar of an unknown god.
  1957 | D:2      | Noticed Robin
  1967 | D:2      | Killed Robin
  2338 | D:2      | Reached ** piety under Hepliaklqana
  2460 | D:2      | Found Falludgh's Jewellery Shop.
  2847 | D:3      | Identified the +3 scale mail of Undesirable Species {Contam
                  | Fly rC+ Stlth+}
  3122 | D:3      | Found a shadowy altar of Dithmenos.
  3445 | D:4      | Found Yntiu's Armour Emporium.
  3469 | D:4      | Reached XP level 7. HP: 33/33 MP: 10/10
  3505 | D:4      | Found Ithrutwia's Weapon Emporium.
  3509 | D:4      | Bought a +0 pair of gloves of strength for 138 gold pieces
  3529 | D:4      | Reached skill level 4 in Fighting
  3643 | D:4      | Reached *** piety under Hepliaklqana
  4164 | D:5      | Noticed a troll
  4170 | D:5      | Noticed GordonOverkill's ghost (weakling VSDe)
  4173 | D:5      | Found a transporter.
  4190 | D:5      | Reached skill level 5 in Long Blades
  4295 | D:5      | Reached skill level 5 in Fighting
  4295 | D:5      | Gained mutation: You have razor-sharp teeth. [Vine Stalker
                  | growth]
  4295 | D:5      | Reached XP level 8. HP: 29/38 MP: 11/11
  4318 | D:5      | Found a transporter.
  4613 | D:6      | Reached **** piety under Hepliaklqana
  4639 | D:6      | Reached skill level 1 in Armour
  4845 | D:6      | Found a shimmering blue altar of Sif Muna.
  5249 | D:7      | Found a staircase to the Ecumenical Temple.
  5322 | D:7      | Found a blossoming altar of Fedhas.
  5363 | D:7      | Reached XP level 9. HP: 43/43 MP: 13/13
  5443 | D:7      | Found a hide-covered altar of Uskayaw.
  5480 | D:7      | Found a radiant altar of Vehumet.
  5491 | D:7      | Reached skill level 6 in Fighting
  5722 | D:7      | Reached skill level 5 in Invocations
  5920 | D:8      | Reached ***** piety under Hepliaklqana
  6032 | D:8      | Reached skill level 7 in Fighting
  6326 | D:8      | Found an opulent altar of Gozag.
  6656 | D:8      | Found a glowing silver altar of Zin.
  6725 | D:9      | Noticed a two-headed ogre
  6732 | D:9      | Killed a two-headed ogre
  6733 | D:9      | Reached skill level 5 in Armour
  6733 | D:9      | Reached XP level 10. HP: 10/50 MP: 5/14
  6940 | D:9      | Reached skill level 8 in Fighting
  6982 | D:9      | Noticed a gargoyle
  6993 | D:9      | Noticed a boulder beetle
  7000 | D:9      | Mangled by a boulder beetle

Illustrated notes

Levels and vault maps discovered:
D:1:      minmay_arrival_arboretum_small, layout_basic
D:2:      layout_basic, serial_glass, glass_columns_c, glass_columns_a,
          glass_columns_a, glass_columns_a, glass_columns_a, glass_columns_b,
          serial_shops, shop, ebering_ecumenical_altar_rust,
          minmay_misc_feat_rugged, moated_statue, nicolae_hexahallways,
          uniq_robin
D:3:      layout_basic, grunt_dithmenos_smoke, kennysheep_slug_shrine,
          minmay_quadrilaterals
D:4:      layout_basic, chequers_temple_overflow_minitemple,
          nicolae_wooded_promenade, hangedman_decor_growths,
          minmay_fractal_squares_gapless_5
D:5:      layout_rooms, gammafunk_ghost_arena
D:6:      layout_loops_ring, nicolae_sif_muna_little_library,
          minmay_misc_feat_alley, kennysheep_nub
D:7:      layout_loops_cross, mainiacjoe_overflow_alcove_2, vehumet_crystals,
          nicolae_uskayaw_dance_hall, minmay_temple_entry_statues_pillars
D:8:      layout_basic, zin_statuary, nicolae_gozag_seed_capital,
          chequers_ossuary_entry_cave, minmay_misc_feat_hallway
D:9:      layout_long_grid, hiddenorc1_lemuel, serial_shops,
          nicolae_shop_just_a_little_nook, uniq_jeremiah

Skill      XL: |  1  2  3  4  5  6  7  8  9 10 |
---------------+-------------------------------+-----
Fighting       | 3 5 7 8 |  8.2
Short Blades   | 3 |  3.0
Long Blades    | 1 3 4 5 6 |  6.6
Invocations    | 2 3 4 5 |  5.0
Armour         | 2 5 |  5.0
Dodging        | |  1.5
Stealth        | |  6.0

Action                     |  1- 3 |  4- 6 |  7- 9 | 10-12 || total
---------------------------+-------+-------+-------+-------++-------
  Melee: Short sword       |    12 |       |       |       ||    12
         Bite              |     7 |    26 |    59 |    10 ||   102
         Falchion          |    14 |   191 |   166 |    15 ||   386
         Punch             |       |     3 |     4 |       ||     7
 Invoke: Ancestor Identity |       |     1 |       |       ||     1
    Use: Potion            |       |     1 |       |       ||     1
         Scroll            |       |     2 |     2 |    10 ||    14
   Stab: Sleeping          |     1 |    18 |    10 |       ||    29
         Distracted        |       |     2 |     1 |     1 ||     4
 Armour: Leather armour    |     6 |       |       |       ||     6
         Ring mail         |     4 |    33 |       |       ||    37
         Scale mail        |       |    44 |    94 |     2 ||   140
  Dodge: Dodged            |    30 |    86 |    83 |     6 ||   205

Table legend: (Time is in decaauts)
 A = Elapsed time spent in this place.
 B = Non-inter-level travel time spent in this place.
 C = Inter-level travel time spent in this place.
 D = Time resting spent in this place.
 E = Time spent auto-exploring this place.
 F = Levels seen in this place.
 G = Mean time per level.
                   A        B        C        D        E       F      G
               +--------+--------+--------+--------+--------+-----+--------+
         Total |   7004 |   6569 |    435 |    345 |   4498 |   9 |  778.2 |
       Dungeon |   7004 |   6569 |    435 |    345 |   4498 |   9 |  778.2 |
               +--------+--------+--------+--------+--------+-----+--------+

Top non-repeatable levels by time:
     D:4: 1137 daAuts
     D:2: 1077 daAuts
     D:8: 925 daAuts
     D:6: 829 daAuts
     D:1: 768 daAuts
     D:3: 745 daAuts
     D:7: 642 daAuts
     D:5: 623 daAuts
     D:9: 255 daAuts
